Unix NetHack Version 3.7.0-66 Work-in-progress - last build Dec 5 2022 03:26:57 (dbea811729ade750c4c0c7f8ab6145c62533a6e7,branch:master).

Game began 2022-12-18 06:11:09, ended 2022-12-18 21:28:48.

spontiff, neutral male gnomish Healer

  
unexplored area
unexplored area
unexplored area
unexplored area
unexplored area
unexplored area
unexplored area
unexplored area
unexplored area
unexplored area
unexplored area
unexplored area
unexplored area
unexplored area
unexplored area
unexplored area
unexplored area
unexplored area
unexplored area
unexplored area
unexplored area
unexplored area
unexplored area
unexplored area
unexplored area
unexplored area
unexplored area
unexplored area
unexplored area
unexplored area
unexplored area
unexplored area
unexplored area
unexplored area
unexplored area
unexplored area
unexplored area
unexplored area
unexplored area
unexplored area
unexplored area
unexplored area
unexplored area
unexplored area
unexplored area
unexplored area
unexplored area
unexplored area
unexplored area
unexplored area
unexplored area
unexplored area
unexplored area
unexplored area
unexplored area
unexplored area
unexplored area
unexplored area
unexplored area
unexplored area
unexplored area
unexplored area
unexplored area
unexplored area
unexplored area
unexplored area
unexplored area
unexplored area
unexplored area
unexplored area
unexplored area
unexplored area
unexplored area
unexplored area
unexplored area
unexplored area
unexplored area
unexplored area
unexplored area
unexplored area
unexplored area
unexplored area
unexplored area
wall
wall
wall
wall
wall
wall
wall
wall
wall
wall
wall
wall
stone
stone
stone
stone
unexplored area
unexplored area
unexplored area
unexplored area
unexplored area
unexplored area
unexplored area
unexplored area
unexplored area
unexplored area
unexplored area
unexplored area
unexplored area
unexplored area
unexplored area
unexplored area
unexplored area
unexplored area
unexplored area
unexplored area
unexplored area
unexplored area
unexplored area
unexplored area
unexplored area
unexplored area
unexplored area
unexplored area
unexplored area
unexplored area
unexplored area
unexplored area
unexplored area
unexplored area
unexplored area
unexplored area
unexplored area
unexplored area
unexplored area
unexplored area
unexplored area
unexplored area
unexplored area
unexplored area
unexplored area
unexplored area
unexplored area
unexplored area
unexplored area
unexplored area
unexplored area
unexplored area
unexplored area
unexplored area
unexplored area
unexplored area
unexplored area
unexplored area
unexplored area
unexplored area
unexplored area
unexplored area
unexplored area
wall
.dark part of a room
.dark part of a room
.dark part of a room
.dark part of a room
.dark part of a room
.dark part of a room
.dark part of a room
.dark part of a room
.dark part of a room
.dark part of a room
-open door
corridor
corridor
corridor
corridor
wall
wall
wall
wall
wall
stone
stone
stone
stone
unexplored area
unexplored area
unexplored area
unexplored area
unexplored area
unexplored area
unexplored area
unexplored area
unexplored area
unexplored area
unexplored area
unexplored area
unexplored area
unexplored area
unexplored area
unexplored area
unexplored area
unexplored area
unexplored area
unexplored area
unexplored area
unexplored area
unexplored area
unexplored area
unexplored area
unexplored area
unexplored area
unexplored area
unexplored area
unexplored area
unexplored area
unexplored area
unexplored area
unexplored area
unexplored area
unexplored area
unexplored area
unexplored area
unexplored area
unexplored area
unexplored area
unexplored area
unexplored area
unexplored area
unexplored area
unexplored area
unexplored area
unexplored area
unexplored area
unexplored area
unexplored area
unexplored area
unexplored area
unexplored area
wall
.dark part of a room
.dark part of a room
.dark part of a room
.dark part of a room
.dark part of a room
.dark part of a room
.dark part of a room
.dark part of a room
.dark part of a room
.dark part of a room
wall
stone
stone
stone
corridor
wall
<staircase up
.dark part of a room
^spiked pit
.broken door
corridor
corridor
corridor
stone
unexplored area
unexplored area
unexplored area
unexplored area
unexplored area
unexplored area
unexplored area
unexplored area
unexplored area
unexplored area
unexplored area
unexplored area
unexplored area
unexplored area
unexplored area
unexplored area
unexplored area
unexplored area
unexplored area
unexplored area
unexplored area
unexplored area
unexplored area
unexplored area
unexplored area
unexplored area
unexplored area
unexplored area
unexplored area
unexplored area
unexplored area
unexplored area
wall
wall
wall
wall
wall
wall
wall
wall
wall
wall
wall
wall
wall
wall
unexplored area
unexplored area
unexplored area
unexplored area
unexplored area
unexplored area
unexplored area
unexplored area
wall
.dark part of a room
.dark part of a room
.dark part of a room
.dark part of a room
.dark part of a room
.dark part of a room
.dark part of a room
.dark part of a room
.dark part of a room
.dark part of a room
wall
unexplored area
unexplored area
stone
corridor
-open door
)a sling
*6 rocks
.dark part of a room
wall
stone
stone
corridor
stone
unexplored area
unexplored area
unexplored area
unexplored area
unexplored area
unexplored area
unexplored area
unexplored area
unexplored area
unexplored area
unexplored area
unexplored area
unexplored area
unexplored area
unexplored area
unexplored area
unexplored area
unexplored area
unexplored area
unexplored area
unexplored area
unexplored area
unexplored area
unexplored area
unexplored area
unexplored area
unexplored area
unexplored area
unexplored area
unexplored area
unexplored area
unexplored area
wall
.dark part of a room
.dark part of a room
.dark part of a room
.dark part of a room
.dark part of a room
.dark part of a room
.dark part of a room
.dark part of a room
.dark part of a room
.dark part of a room
.dark part of a room
.dark part of a room
wall
unexplored area
unexplored area
unexplored area
unexplored area
unexplored area
unexplored area
unexplored area
unexplored area
wall
.dark part of a room
.dark part of a room
.dark part of a room
.dark part of a room
.dark part of a room
.dark part of a room
.dark part of a room
.dark part of a room
.dark part of a room
.dark part of a room
wall
stone
unexplored area
stone
corridor
wall
wall
wall
wall
wall
unexplored area
stone
corridor
stone
unexplored area
unexplored area
unexplored area
unexplored area
unexplored area
unexplored area
unexplored area
unexplored area
unexplored area
unexplored area
unexplored area
unexplored area
unexplored area
unexplored area
unexplored area
unexplored area
unexplored area
unexplored area
unexplored area
unexplored area
unexplored area
unexplored area
unexplored area
unexplored area
unexplored area
unexplored area
unexplored area
unexplored area
unexplored area
unexplored area
unexplored area
stone
wall
.dark part of a room
.dark part of a room
.dark part of a room
.dark part of a room
.dark part of a room
.dark part of a room
.dark part of a room
.dark part of a room
.dark part of a room
.dark part of a room
.dark part of a room
.dark part of a room
wall
unexplored area
unexplored area
unexplored area
unexplored area
unexplored area
unexplored area
unexplored area
unexplored area
wall
.dark part of a room
.dark part of a room
.dark part of a room
.dark part of a room
.dark part of a room
.dark part of a room
.dark part of a room
.dark part of a room
.dark part of a room
.dark part of a room
.doorway
corridor
stone
stone
corridor
corridor
stone
unexplored area
unexplored area
unexplored area
unexplored area
stone
corridor
stone
unexplored area
unexplored area
unexplored area
unexplored area
unexplored area
unexplored area
unexplored area
unexplored area
unexplored area
unexplored area
unexplored area
unexplored area
unexplored area
unexplored area
unexplored area
unexplored area
unexplored area
unexplored area
unexplored area
unexplored area
unexplored area
unexplored area
unexplored area
unexplored area
unexplored area
unexplored area
unexplored area
unexplored area
unexplored area
unexplored area
stone
corridor
.doorway
.dark part of a room
.dark part of a room
.dark part of a room
.dark part of a room
.dark part of a room
.dark part of a room
.dark part of a room
.dark part of a room
.dark part of a room
.dark part of a room
.dark part of a room
.dark part of a room
wall
unexplored area
unexplored area
unexplored area
unexplored area
unexplored area
unexplored area
unexplored area
unexplored area
wall
wall
wall
wall
wall
wall
wall
wall
wall
wall
wall
wall
corridor
stone
stone
corridor
stone
stone
unexplored area
unexplored area
unexplored area
unexplored area
stone
corridor
stone
wall
wall
wall
wall
wall
wall
wall
wall
wall
wall
wall
wall
stone
stone
stone
unexplored area
unexplored area
unexplored area
unexplored area
unexplored area
unexplored area
unexplored area
unexplored area
unexplored area
unexplored area
unexplored area
unexplored area
unexplored area
unexplored area
unexplored area
stone
corridor
wall
.dark part of a room
.dark part of a room
.dark part of a room
.dark part of a room
.dark part of a room
.dark part of a room
.dark part of a room
.dark part of a room
.dark part of a room
.dark part of a room
.dark part of a room
.dark part of a room
wall
unexplored area
unexplored area
unexplored area
unexplored area
unexplored area
unexplored area
unexplored area
unexplored area
unexplored area
unexplored area
unexplored area
unexplored area
unexplored area
unexplored area
unexplored area
unexplored area
unexplored area
unexplored area
unexplored area
stone
corridor
stone
stone
corridor
stone
unexplored area
unexplored area
unexplored area
unexplored area
unexplored area
stone
corridor
corridor
.doorway
.dark part of a room
.dark part of a room
.dark part of a room
.dark part of a room
.dark part of a room
.dark part of a room
.dark part of a room
.dark part of a room
.dark part of a room
.dark part of a room
.doorway
corridor
corridor
stone
stone
stone
unexplored area
unexplored area
unexplored area
unexplored area
unexplored area
unexplored area
unexplored area
unexplored area
unexplored area
unexplored area
unexplored area
stone
stone
stone
corridor
wall
wall
wall
wall
wall
wall
|open door
wall
wall
wall
wall
wall
.doorway
wall
unexplored area
unexplored area
unexplored area
unexplored area
unexplored area
unexplored area
unexplored area
unexplored area
unexplored area
unexplored area
unexplored area
unexplored area
unexplored area
unexplored area
unexplored area
unexplored area
unexplored area
unexplored area
unexplored area
stone
corridor
stone
stone
corridor
stone
unexplored area
unexplored area
unexplored area
unexplored area
unexplored area
stone
stone
stone
wall
.dark part of a room
.dark part of a room
.dark part of a room
.dark part of a room
.dark part of a room
.dark part of a room
.dark part of a room
.dark part of a room
.dark part of a room
.dark part of a room
wall
stone
corridor
corridor
corridor
stone
stone
stone
unexplored area
unexplored area
unexplored area
unexplored area
unexplored area
unexplored area
unexplored area
unexplored area
unexplored area
stone
corridor
corridor
corridor
stone
unexplored area
unexplored area
unexplored area
unexplored area
stone
corridor
stone
stone
stone
corridor
corridor
corridor
stone
unexplored area
unexplored area
unexplored area
unexplored area
unexplored area
unexplored area
unexplored area
unexplored area
unexplored area
unexplored area
unexplored area
unexplored area
unexplored area
unexplored area
unexplored area
unexplored area
unexplored area
unexplored area
unexplored area
stone
corridor
stone
stone
corridor
stone
stone
unexplored area
unexplored area
unexplored area
unexplored area
unexplored area
unexplored area
unexplored area
wall
.dark part of a room
.dark part of a room
.dark part of a room
.dark part of a room
.dark part of a room
.dark part of a room
.dark part of a room
.dark part of a room
.dark part of a room
.dark part of a room
.doorway
corridor
corridor
corridor
corridor
corridor
corridor
stone
stone
stone
stone
stone
stone
stone
stone
stone
unexplored area
stone
corridor
stone
stone
stone
unexplored area
unexplored area
unexplored area
unexplored area
stone
stone
stone
corridor
corridor
corridor
stone
stone
unexplored area
unexplored area
unexplored area
unexplored area
unexplored area
unexplored area
unexplored area
unexplored area
unexplored area
unexplored area
unexplored area
unexplored area
unexplored area
unexplored area
unexplored area
unexplored area
unexplored area
unexplored area
unexplored area
unexplored area
stone
corridor
stone
stone
corridor
corridor
stone
stone
stone
unexplored area
unexplored area
unexplored area
unexplored area
unexplored area
wall
wall
wall
wall
wall
wall
wall
wall
wall
wall
wall
wall
stone
stone
stone
corridor
corridor
corridor
corridor
corridor
corridor
corridor
corridor
corridor
corridor
corridor
0a boulder
stone
stone
corridor
stone
unexplored area
unexplored area
unexplored area
unexplored area
unexplored area
unexplored area
unexplored area
unexplored area
stone
corridor
stone
stone
unexplored area
unexplored area
unexplored area
unexplored area
unexplored area
unexplored area
unexplored area
unexplored area
unexplored area
unexplored area
unexplored area
unexplored area
unexplored area
unexplored area
unexplored area
unexplored area
unexplored area
unexplored area
unexplored area
unexplored area
unexplored area
unexplored area
stone
corridor
stone
stone
stone
corridor
corridor
corridor
stone
unexplored area
unexplored area
unexplored area
unexplored area
stone
stone
stone
stone
stone
stone
stone
stone
stone
stone
stone
stone
stone
stone
stone
stone
stone
corridor
stone
stone
stone
stone
stone
stone
stone
stone
stone
corridor
corridor
corridor
corridor
stone
stone
stone
stone
stone
stone
stone
stone
stone
corridor
corridor
stone
stone
stone
unexplored area
unexplored area
unexplored area
unexplored area
unexplored area
unexplored area
unexplored area
unexplored area
unexplored area
unexplored area
unexplored area
unexplored area
unexplored area
unexplored area
unexplored area
unexplored area
unexplored area
unexplored area
unexplored area
unexplored area
unexplored area
stone
%an orc corpse
wall
wall
wall
wall
wall
corridor
stone
unexplored area
unexplored area
unexplored area
unexplored area
stone
*28 rocks
corridor
corridor
corridor
corridor
corridor
corridor
corridor
corridor
corridor
corridor
corridor
corridor
corridor
corridor
corridor
corridor
corridor
corridor
corridor
corridor
corridor
corridor
corridor
corridor
corridor
corridor
corridor
stone
corridor
corridor
corridor
corridor
corridor
corridor
corridor
0a boulder
corridor
corridor
corridor
corridor
corridor
corridor
corridor
stone
unexplored area
unexplored area
unexplored area
unexplored area
unexplored area
unexplored area
unexplored area
unexplored area
unexplored area
unexplored area
unexplored area
unexplored area
unexplored area
unexplored area
unexplored area
unexplored area
unexplored area
unexplored area
unexplored area
unexplored area
stone
corridor
.doorway
.dark part of a room
.dark part of a room
.dark part of a room
wall
corridor
stone
unexplored area
unexplored area
unexplored area
unexplored area
stone
stone
stone
stone
stone
stone
stone
stone
stone
stone
stone
stone
stone
stone
stone
stone
stone
corridor
stone
stone
stone
stone
wall
wall
wall
wall
wall
stone
stone
stone
corridor
stone
stone
stone
corridor
corridor
corridor
corridor
corridor
stone
stone
stone
stone
stone
corridor
corridor
stone
unexplored area
unexplored area
unexplored area
unexplored area
unexplored area
unexplored area
unexplored area
unexplored area
unexplored area
unexplored area
unexplored area
unexplored area
unexplored area
unexplored area
unexplored area
unexplored area
unexplored area
unexplored area
unexplored area
stone
stone
wall
.dark part of a room
.dark part of a room
.dark part of a room
wall
corridor
stone
unexplored area
unexplored area
unexplored area
unexplored area
unexplored area
unexplored area
unexplored area
unexplored area
unexplored area
unexplored area
unexplored area
unexplored area
unexplored area
unexplored area
unexplored area
unexplored area
unexplored area
unexplored area
unexplored area
unexplored area
stone
corridor
stone
stone
stone
stone
wall
.floor of a room
.floor of a room
.floor of a room
.doorway
corridor
stone
stone
corridor
stone
unexplored area
wall
wall
wall
.doorway
wall
corridor
stone
unexplored area
unexplored area
unexplored area
wall
wall
.doorway
wall
wall
unexplored area
unexplored area
unexplored area
unexplored area
unexplored area
unexplored area
unexplored area
unexplored area
unexplored area
unexplored area
unexplored area
unexplored area
unexplored area
unexplored area
unexplored area
unexplored area
unexplored area
unexplored area
unexplored area
unexplored area
wall
.dark part of a room
.dark part of a room
.dark part of a room
wall
corridor
stone
unexplored area
unexplored area
unexplored area
unexplored area
unexplored area
unexplored area
unexplored area
unexplored area
unexplored area
unexplored area
unexplored area
unexplored area
unexplored area
unexplored area
unexplored area
unexplored area
unexplored area
unexplored area
unexplored area
unexplored area
stone
corridor
corridor
corridor
corridor
corridor
wall
.floor of a room
.floor of a room
.floor of a room
wall
corridor
corridor
corridor
corridor
stone
stone
wall
.dark part of a room
.dark part of a room
.dark part of a room
wall
corridor
corridor
corridor
stone
stone
wall
*61 rocks
.dark part of a room
.dark part of a room
wall
unexplored area
unexplored area
unexplored area
unexplored area
unexplored area
unexplored area
unexplored area
unexplored area
unexplored area
unexplored area
unexplored area
unexplored area
unexplored area
unexplored area
unexplored area
unexplored area
unexplored area
unexplored area
unexplored area
unexplored area
wall
.dark part of a room
.dark part of a room
.dark part of a room
wall
corridor
stone
unexplored area
unexplored area
unexplored area
unexplored area
unexplored area
unexplored area
unexplored area
unexplored area
unexplored area
unexplored area
unexplored area
unexplored area
unexplored area
unexplored area
unexplored area
unexplored area
unexplored area
unexplored area
unexplored area
unexplored area
unexplored area
stone
stone
stone
stone
corridor
-open door
.floor of a room
Otame ogre queen
@gnomish healer called spontiff
wall
corridor
corridor
corridor
corridor
corridor
corridor
wall
.dark part of a room
.dark part of a room
.dark part of a room
wall
stone
stone
corridor
corridor
corridor
.doorway
.dark part of a room
.dark part of a room
.dark part of a room
wall
unexplored area
unexplored area
unexplored area
unexplored area
unexplored area
unexplored area
unexplored area
unexplored area
unexplored area
unexplored area
unexplored area
unexplored area
unexplored area
unexplored area
unexplored area
unexplored area
unexplored area
unexplored area
unexplored area
unexplored area
wall
.dark part of a room
.dark part of a room
.dark part of a room
.doorway
corridor
stone
unexplored area
unexplored area
unexplored area
unexplored area
unexplored area
unexplored area
unexplored area
unexplored area
unexplored area
unexplored area
unexplored area
unexplored area
unexplored area
unexplored area
unexplored area
unexplored area
unexplored area
unexplored area
unexplored area
unexplored area
unexplored area
unexplored area
unexplored area
unexplored area
stone
stone
wall
.floor of a room
fountain
.floor of a room
Wwraith
corridor
corridor
stone
stone
stone
corridor
.doorway
.dark part of a room
.dark part of a room
.dark part of a room
-open door
corridor
corridor
corridor
stone
stone
wall
.dark part of a room
.dark part of a room
.dark part of a room
wall
unexplored area
unexplored area
unexplored area
unexplored area
unexplored area
unexplored area
unexplored area
unexplored area
unexplored area
unexplored area
unexplored area
unexplored area
unexplored area
unexplored area
unexplored area
unexplored area
unexplored area
unexplored area
unexplored area
unexplored area
wall
wall
wall
wall
wall
stone
unexplored area
unexplored area
unexplored area
unexplored area
unexplored area
unexplored area
unexplored area
unexplored area
unexplored area
unexplored area
unexplored area
unexplored area
unexplored area
unexplored area
unexplored area
unexplored area
unexplored area
unexplored area
unexplored area
unexplored area
unexplored area
unexplored area
unexplored area
unexplored area
unexplored area
unexplored area
unexplored area
wall
wall
wall
wall
wall
stone
stone
stone
unexplored area
stone
stone
wall
wall
wall
wall
wall
stone
stone
stone
stone
unexplored area
wall
wall
wall
wall
wall
unexplored area
unexplored area
unexplored area
unexplored area
unexplored area
unexplored area
unexplored area
unexplored area
unexplored area
unexplored area
unexplored area
unexplored area
unexplored area
unexplored area
unexplored area
unexplored area
unexplored area
unexplored area
unexplored area
unexplored area
unexplored area
unexplored area
unexplored area
unexplored area
unexplored area
unexplored area
unexplored area
unexplored area
unexplored area
unexplored area
unexplored area
unexplored area
unexplored area
unexplored area
unexplored area
unexplored area
unexplored area
unexplored area
unexplored area
unexplored area
unexplored area
unexplored area
unexplored area
unexplored area
unexplored area
unexplored area
unexplored area
unexplored area
unexplored area
unexplored area
unexplored area
unexplored area
unexplored area
unexplored area
unexplored area
unexplored area
unexplored area
unexplored area
unexplored area
unexplored area
unexplored area
unexplored area
unexplored area
unexplored area
unexplored area
unexplored area
unexplored area
unexplored area
unexplored area
unexplored area
unexplored area
unexplored area
unexplored area
unexplored area
unexplored area
unexplored area
unexplored area
unexplored area
unexplored area
unexplored area
unexplored area
unexplored area
[Spontiff the Rhizotomist ] St:13 Dx:11 Co:18 In:8 Wi:15 Ch:18 Neutral S:600 Dlvl:12 $:0 HP:0(43) Pw:0(0) AC:-24 Xp:1/0 T:35539

Latest messages:

The ogre queen swings her long sword at the human zombie.
The ogre queen hits the human zombie.
The human zombie misses the ogre queen.
The ogre queen swings her long sword at the human zombie.
The ogre queen hits the human zombie.
The human zombie is destroyed!
The ogre queen swings her long sword at the ghoul.
The ogre queen hits the ghoul.
The ghoul is destroyed!
What do you want to put on? [t or ?*] t
You are now wearing a towel named FiPoSh SITy around your head.
You can't see any more.
What do you want to remove? [tA or ?*] t
You were wearing an uncursed towel named FiPoSh SITy.
You can see again.
You climb up the stairs.
The ogre queen swings her long sword at the invisible wraith.
The ogre queen hits the invisible wraith.
The invisible wraith misses!
What do you want to use or apply? [cfjkostw or ?*] s
In what direction? j
Status of the wraith (chaotic): Level 7 HP 19(41) AC 4, invisible.
The ogre queen swings her long sword at the invisible wraith.
The ogre queen hits the invisible wraith.
The invisible wraith is destroyed!
You don't have anything to zap.
The ogre queen eats a wraith corpse.
#argh: unknown extended command.
What do you want to use or apply? [cfjkostw or ?*] s
In what direction? u
Status of the ogre queen (chaotic): Level 15 HP 110(113) AC -3, tame.
You descend the stairs.
What do you want to put on? [t or ?*] t
You are now wearing a towel named FiPoSh SITy around your head.
You can't see any more.
What do you want to remove? [tA or ?*] t
You were wearing an uncursed towel named FiPoSh SITy.
You can see again.
You see here a gnome corpse.
The wraith wakes up!
The wraith wakes up!
The dwarf zombie wakes up!
You hear someone counting gold coins.
You see here a gnome corpse.
The ogre queen picks up a gnome corpse.
You climb up the stairs.
The wraith touches you!
Goodbye level 1.
Do you want your possessions identified? [ynq] (y) y
Do you want to see the dungeon overview? [ynq] (y) q

Inventory:

Amulets

A - an uncursed amulet of reflection (being worn)

Armor

h - a blessed +0 dwarvish iron helm (being worn)
g - an uncursed +1 pair of leather gloves (being worn)
v - an uncursed +3 pair of iron shoes (being worn)
r - an uncursed +0 small shield (being worn)
q - an uncursed rotted +0 robe (being worn)
d - a blessed +2 gray dragon scale mail (being worn)

Comestibles

y - an uncursed apple
n - an uncursed food ration
p - an uncursed tripe ration

Tools

f - an uncursed sack containing 42 items
w - an uncursed mirror
k - an uncursed skeleton key
s - an uncursed stethoscope
o - an uncursed tin whistle
t - an uncursed towel named FiPoSh SITy
c - a blessed +0 unicorn horn

Gems/Stones

E - 4 uncursed black opals
l - an uncursed luckstone
j - an uncursed touchstone

Contents of the sack:

833 gold pieces
a blessed +1 mummy wrapping
a cursed +0 robe
2 uncursed food rations
5 uncursed tripe rations
4 blessed scrolls of blank paper
7 uncursed scrolls of blank paper
a cursed scroll of blank paper
a blessed scroll of enchant armor
a blessed scroll of identify
a blessed scroll of remove curse
2 blessed scrolls of scare monster
a blessed scroll of teleportation
5 uncursed scrolls of teleportation
a cursed scroll of teleportation
an uncursed potion of full healing
a blessed potion of oil
2 uncursed potions of paralysis
3 potions of holy water
an uncursed ring of conflict
an uncursed ring of hunger
an uncursed ring of warning
an uncursed wand of digging (0:8)
an uncursed wand of digging (0:7)
an uncursed wand of digging (0:5)
an uncursed wand of digging (0:5)
an uncursed wand of sleep (0:0)
a blessed wand of slow monster (0:6)
an uncursed wand of speed monster (0:7)
an uncursed wand of striking (0:6)
an uncursed wand of striking (0:5)
an uncursed wand of striking (0:3)
an uncursed magic marker (0:49)
2 uncursed amethyst stones
2 uncursed diamonds
4 uncursed emeralds
an uncursed fluorite stone
an uncursed jade stone
2 uncursed rubies
an uncursed sapphire
an uncursed topaz stone
3 uncursed turquoise stones

Spontiff the Healer's attributes:


Background:

You were a Rhizotomist, a level 1 male gnomish Healer.
You were neutral, on a mission for Hermes
who was opposed by Athena (lawful) and Poseidon (chaotic).
You were in the Dungeons of Doom, on level 12.
You entered the dungeon 35539 turns ago.
You had 0 experience points, 20 were needed to attain level 2.
Your score was 600 before end-of-game adjustments.

Basics:

You had 0 out of 43 hit points.
You had no energy points (spell power).
Your armor class was -24.
Your wallet was empty, but
you had 833 zorkmids stashed away in your pack.
Autopickup was on for '$!/="?' plus thrown, with exceptions.

Final Characteristics:

Your strength was 13 (limit:18/50).
Your dexterity was 11 (limit:18).
Your constitution was 18 (limit:18).
Your intelligence was 8 (limit:19).
Your wisdom was 15 (limit:18).
Your charisma was 18 (limit:18).

Final Status:

You were not hungry.
You were unencumbered.
You were empty handed.
You were unskilled in bare handed combat.

Final Attributes:

You were piously aligned.
You were magic-protected.
You were fire resistant.
You were shock resistant.
You were poison resistant.
You saw invisible.
You were telepathic.
You had infravision.
You had a large defense bonus (+12).
You were guarded.
You had reflection.
You were lucky.
You had extra luck.
Bad luck did not time out for you.
Good luck did not time out for you.
You are dead.

Miscellaneous:
You never encountered a bones level.
Total elapsed playing time was 8 hours and 10 minutes.

Major events:

Turn

1: spontiff the neutral male gnomish Healer entered the dungeon
1244: entered the Gnomish Mines
4280: reached Mine Town
5161: made his first wish - "blessed +2 gray dragon scale mail", got "a gray dragon scale mail"
10285: killed the Oracle
11107: entered Sokoban
28102: completed 1st Sokoban level
29074: completed 2nd Sokoban level
29620: completed 3rd Sokoban level
30963: completed 4th Sokoban level
31374: acquired the Sokoban amulet of reflection
35539: killed by life drainage

Vanquished creatures:

3 shopkeepers
the Oracle
2 aligned clerics
4 vampires
a watch captain
5 ghosts
a mind flayer
2 giant mimics
4 small mimics
2 ettin mummies
a freezing sphere
a flaming sphere
a shocking sphere
2 tengu
an elf mummy
a human mummy
6 wraiths
an ettin zombie
4 watchmen
a giant beetle
a quivering blob
4 wolves
a winter wolf cub
17 leprechauns
3 giant spiders
a black light
2 gnome rulers
2 orc mummies
3 dwarf mummies
4 brown puddings
an owlbear
a lizard
2 dingoes
2 dogs
a housecat
2 jaguars
2 dwarf leaders
a blue jelly
a white unicorn
2 ravens
a plains centaur
2 gnome mummies
a snake
2 apes
3 human zombies
a rope golem
2 Woodland-elves
2 soldier ants
3 bugbears
an imp
2 wood nymphs
2 water nymphs
3 mountain nymphs
2 Uruk-hai
2 orc shamans
6 rock piercers
3 rock moles
5 ponies
6 fog clouds
9 yellow lights
a shrieker
4 gnome leaders
2 gnomish wizards
a kobold mummy
a black naga hatchling
6 gray oozes
an elf zombie
3 ghouls
a straw golem
2 paper golems
a baby crocodile
12 giant ants
6 little dogs
14 floating eyes
a kitten
23 dwarves
10 homunculi
5 kobold leaders
2 kobold shamans
4 hill orcs
10 rothes
3 rabid rats
2 centipedes
13 giant bats
a monkey
4 orc zombies
9 dwarf zombies
9 wererats
7 werejackals
18 iguanas
6 killer bees
13 acid blobs
12 coyotes
5 gas spores
16 hobbits
7 manes
11 large kobolds
7 hobgoblins
16 giant rats
29 cave spiders
5 brown molds
6 yellow molds
4 green molds
2 red molds
32 gnomes
6 garter snakes
14 gnome zombies
29 geckos
34 jackals
10 foxes
9 kobolds
20 goblins
16 sewer rats
26 grid bugs
12 bats
22 lichens
10 kobold zombies
32 newts
742 creatures vanquished.
No species were genocided or became extinct.

Voluntary challenges:

You never hit with a wielded weapon.
You were a pacifist.
You read items or engraved 15 times.
You engraved Elbereth 6 times.
You never genocided any monsters.
You never polymorphed an object.
You never changed form.
You used 1 wish.
You did not wish for any artifacts.
You did not violate any of the special Sokoban rules.

Achievements:

You entered the Gnomish Mines.
You entered a shop.
You entered Minetown.
You entered a temple.
You entered Sokoban.
You completed Sokoban.

The Dungeons of Doom: levels 1 to 13

   Level 1: "iron bars"
Level 2:
Level 3: "Stashlet"
A general store.
Stairs down to The Gnomish Mines.
Level 4:
Level 5:
Level 6:
A general store, a fountain.
Level 7:
Level 8:
Many fountains.
Oracle of Delphi.
Level 9:
An untended shop.
Stairs up to Sokoban, level 8.
Level 10: "Book repository"
A temple.
Level 11:
Some fountains.
Level 12: <- You were here.
A fountain.
Final resting place for
you, killed by life drainage.
Level 13:
A fountain, many graves.

The Gnomish Mines: levels 4 to 12

   Level 4: "magic trap"
Level 5:
Level 6:
Many shops, a temple to Hermes.
Level 7:
Level 8:
Level 9: "Polytrap"
Level 10:
Level 11: "Polytrap somewhere"
Level 12: "Catacomb"
Some fountains.

Sokoban: levels 8 up to 5

   Level 5:
Solved.
Level 6:
Solved.
Level 7:
Solved.
Level 8:
Solved.

Game over:

----------
/ \
/ REST \
/ IN \
/ PEACE \
/ \
| spontiff |
| 833 Au |
| killed by life |
| drainage |
| |
| |
| 2022 |
*| * * * | *
_________)/\\_//(\/(/\)/\//\/|_)_______

Goodbye spontiff the Healer...


You died in The Dungeons of Doom on dungeon level 12 with 600 points,
and 833 pieces of gold, after 35539 moves.
You were level 1 with a maximum of 43 hit points when you died.